[Event "Austrian Bundesliga 2023-24"]
[Site "Austria"]
[Date "2024.03.23"]
[Round "10.20"]
[White "Vogel, Roven"]
[Black "Deuer, Marius"]
[Result "1-0"]
[ECO "A35"]
[WhiteElo "2521"]
[BlackElo "2430"]
[Annotator "TA"]
[PlyCount "125"]
[EventDate "2023.10.21"]
[EventType "team-tourn"]
[EventCountry "AUT"]
[SourceTitle "playchess.com"]
[Source "ChessBase"]
[SourceQuality "1"]
[TimeControl "40/5400+30:1800+30"]

1. c4 Nf6 2. Nf3 c5 3. Nc3 Nc6 4. e3 a6 5. b3 g6 6. Bb2 {[%emt 0:22:20] A34: Symmetrical English: 2 Nc3, lines with ...d5.} Bg7 7. d4 $146 ({Predecessor:} 7. Rc1 O-O 8. Be2 e5 9. O-O d6 10. Ng5 h6 11. Nge4 Nxe4 12. Nxe4 Be6 13. f4 {½-½ Le,Q (2728)-Dominguez Perez,L (2739) Aimchess Rapid Div 3 W 2023 (3.2)}) 7... cxd4 8. Nxd4 O-O 9. Be2 d5 10. Nxc6 bxc6 11. Na4 Bf5 12. O-O Qd6 13. h3 e5 14. Bd3 Bxd3 15. Qxd3 Ne4 16. Rfd1 Rfd8 17. Qc2 Ng5 (17... Rab8 $11 {remains equal.}) 18. h4 $1 $16 Ne6 19. Nb6 d4 20. Nxa8 Rxa8 21. exd4 exd4 22. Qe4 Rd8 23. Re1 h5 24. Rad1 a5 25. Bc1 Bf6 26. g3 Ra8 27. Kg2 Ra7 28. Qf3 Bg7 29. Bf4 Qc5 30. Re4 a4 (30... Qe7 $142 31. Be5 c5) 31. Rde1 $18 axb3 32. axb3 Qf5 33. Rxe6 fxe6 34. Qxc6 e5 {[%emt 0:00:22] [#]} 35. Bxe5 $1 Re7 36. Qa8+ Bf8 37. Qd5+ Kh7 38. Qe4 (38. Qxd4 Bg7 39. f4 Qc2+ 40. Qf2 Qxb3 41. Bxg7 Rxg7 $18) 38... Qxe4+ 39. Rxe4 d3 40. Kf3 Bg7 {[%emt 0:00:00] [#]} 41. Bf4 $1 ({Weaker is} 41. Bxg7 Rxe4 42. Bc3 (42. Kxe4 $2 {perishes.} d2 $19) 42... Re6 $11) 41... Rd7 42. Re1 Bc3 43. Rd1 Bb4 44. Be3 Kg8 45. Ke4 d2 46. c5 Kf7 47. c6 Rd6 48. c7 Rc6 49. Bxd2 Bxd2 50. Rxd2 Rxc7 51. Rb2 Rc5 52. Kd4 Rf5 53. b4 Ke7 54. b5 Kd7 55. b6 Kc8 56. b7+ Kb8 57. Ke4 Ra5 58. Rb3 Ra2 59. f3 Ra5 60. Rb6 g5 61. hxg5 Rxg5 62. Kf4 Ra5 63. g4 1-0

[Event "Austrian Bundesliga 2023-24"]
[Site "Austria"]
[Date "2024.03.23"]
[Round "10.21"]
[White "Krassowizkij, Jaroslaw"]
[Black "Votava, Jan"]
[Result "1-0"]
[ECO "C55"]
[WhiteElo "2430"]
[BlackElo "2441"]
[Annotator "RC"]
[PlyCount "135"]
[EventDate "2023.10.21"]
[EventType "team-tourn"]
[EventCountry "AUT"]
[SourceTitle "playchess.com"]
[Source "ChessBase"]
[SourceQuality "1"]
[TimeControl "40/5400+30:1800+30"]

1. e4 e5 2. Nf3 Nc6 3. Bc4 Nf6 4. d3 Be7 5. O-O O-O 6. Re1 d6 7. a4 Na5 8. Ba2 c5 9. c3 Nc6 10. Na3 h6 11. h3 Be6 12. Bxe6 fxe6 13. Nc4 Qc7 14. Bd2 Nb8 15. Ne3 Re8 16. b4 Nbd7 17. Qb3 Bf8 18. a5 Rac8 19. b5 Kh8 20. Reb1 Qd8 21. Nc4 Qe7 22. Re1 Qf7 23. a6 b6 24. Rac1 Qh5 25. Qd1 d5 26. Ne3 c4 27. exd5 cxd3 28. dxe6 Rxe6 29. Ng4 Nxg4 30. hxg4 Qxg4 31. Nd4 Qxd1 32. Rcxd1 Rf6 33. Nc6 Rcxc6 34. bxc6 Rxc6 35. Re3 Nc5 36. Rxe5 Nxa6 37. Ra1 Nc5 38. Rxa7 Nb3 39. Ra2 Nxd2 40. Rxd2 Rxc3 41. Re8 Kg8 42. Rd8 h5 43. R2xd3 Rxd3 44. Rxd3 Kh7 45. Re3 Bc5 46. Re6 g6 47. Kf1 Kg7 48. Ke2 Kf7 49. Rc6 Kg7 50. f3 Kf7 51. Kd3 Kg7 52. Ke4 Kf7 53. Ke5 Kg7 54. Ke6 Be3 55. Rc7+ Kh6 56. Kf7 g5 57. Rc6+ Kh7 58. Kf6 g4 59. Re6 Bd4+ 60. Kg5 gxf3 61. gxf3 h4 62. Kxh4 Kg7 63. Kg5 Kf7 64. Kf5 b5 65. Rd6 Bc3 66. Rd7+ Ke8 67. Ke6 b4 68. f4 1-0

[Event "Austrian Bundesliga 2023-24"]
[Site "Austria"]
[Date "2024.03.23"]
[Round "10.22"]
[White "Lanka, Zigurds"]
[Black "Richter, Nils"]
[Result "1/2-1/2"]
[ECO "B47"]
[WhiteElo "2357"]
[BlackElo "2400"]
[Annotator "TA"]
[PlyCount "90"]
[EventDate "2023.10.21"]
[EventType "team-tourn"]
[EventCountry "AUT"]
[SourceTitle "playchess.com"]
[Source "ChessBase"]
[SourceQuality "1"]
[TimeControl "40/5400+30:1800+30"]

1. e4 c5 2. Nc3 e6 3. Nf3 Nc6 4. d4 cxd4 5. Nxd4 Qc7 6. Be2 a6 7. a3 Nf6 8. Be3 b5 9. Nxc6 dxc6 10. f4 e5 11. O-O Be7 12. fxe5 {[%emt 0:04:33] White is slightly better.} Qxe5 13. Kh1 O-O 14. Bf4 Qe6 15. e5 Rd8 16. Qe1 Nd5 17. Nxd5 Rxd5 18. Bd3 g6 (18... Bb7 {with more complications.} 19. Qg3 c5 20. Rae1 Rad8) 19. a4 Bb7 20. Be4 Rd7 21. Qe2 Rad8 22. Qf3 b4 23. a5 Rd4 (23... Rb8 $11) 24. Be3 $1 $14 R4d7 25. Qg3 {[%emt 0:09:16] Threatens to win with Bf5.} Qc4 (25... c5 $6 26. Bf5 Qc4 27. e6 $18) 26. Qf3 {[%emt 0:03:15] White is more active.} (26. Bd3 $16 Rxd3 27. cxd3 Rxd3 28. Rac1) 26... Bf8 (26... Qe6 $11) 27. Bg5 Re8 (27... Be7 $1 $14 28. b3 Qe6) 28. Bf6 $16 Qb5 29. Bf5 $1 $36 {[%emt 0:02:26][%mdl 2048] Keeping Black busy.} Rd5 (29... Rd2 $16 {was called for.}) 30. Bd3 $2 (30. Bh4 $18 {[%cal Of5g6] is more deadly. Intending Bxg6! and mate.} Rexe5 (30... gxf5 31. Qg3+ Bg7 32. Bf6) 31. Bxg6) 30... Qc5 {[%emt 0:00:01] [#]} (30... Rxd3 $16 31. Qxd3 Qxd3 32. cxd3 c5) 31. Be4 (31. Bh4 $1 $18 Rd7 32. Rad1) 31... Rd7 {[%emt 0:01:47] [#]} 32. Bf5 $1 Rc7 {[%emt 0:00:49][%cal Oe8e5] [#]} 33. Rad1 $1 Bc8 {[%emt 0:02:39] Dodges Bd7} 34. Bxc8 Rexc8 (34... Rcxc8 $16 {keeps fighting.} 35. Rd7 Qc4) 35. Qb3 (35. e6 $18 Qc4 36. Be5 Qxe6 37. Bxc7 Rxc7 38. Rfe1) 35... Re8 $14 36. Rd2 Bg7 37. Bd8 (37. Qg3 $11) 37... Rb7 $15 38. Bb6 {[%emt 0:00:35] [#]} Qxe5 (38... Qb5 $1 $17 39. Qf3 (39. Rdf2 Re6 $17) 39... h5) 39. Qxb4 $11 Qxb2 40. Qxb2 Bxb2 41. c4 ({Better is} 41. Rd6 $11) 41... Be5 42. g3 Rbe7 43. Bc5 (43. Rfd1 $11 {keeps the balance.}) 43... Rb7 (43... Bc3 $1 $17 44. Rd3 Re5 (44... Bxa5 45. Bxe7 Rxe7 46. Ra1 $16) (44... Re1 45. Rxe1 Rxe1+ 46. Kg2 $15)) 44. Re1 f6 45. Red1 Bc3 {[%emt 0:08:42] Blacks defense is rewarded with a draw.   Weighted Error Value: White=0.34/Black=0.32.  Loses game:     	---       	Black=1      Missed win:     	White=1     	---        Mistake:       	White=6     	Black=7      Inaccurate:     	White=5     	Black=5      OK:         	White=13    	Black=13     Best:        	White=1     	---        Strong:       	White=2     	---} 1/2-1/2

[Event "Austrian Bundesliga 2023-24"]
[Site "Austria"]
[Date "2024.03.23"]
[Round "10.23"]
[White "Neyman, Igor"]
[Black "Maiwald, Jens-Uwe"]
[Result "1/2-1/2"]
[ECO "E16"]
[WhiteElo "2302"]
[BlackElo "2438"]
[Annotator "TA"]
[PlyCount "84"]
[EventDate "2023.10.21"]
[EventType "team-tourn"]
[EventCountry "AUT"]
[SourceTitle "playchess.com"]
[Source "ChessBase"]
[SourceQuality "1"]
[TimeControl "40/5400+30:1800+30"]

1. d4 Nf6 2. c4 e6 3. Nf3 Bb4+ 4. Bd2 Qe7 5. Qc2 Bxd2+ 6. Nbxd2 d6 7. Qc3 Nbd7 8. g3 b6 9. Bg2 {[%emt 0:02:10][%cal Of3e5] Die Stellung ist ausgeglichen.} Bb7 10. O-O O-O 11. b4 a5 12. a3 Rfc8 13. Nb3 a4 14. Nbd2 c5 15. Rab1 cxd4 16. Qxd4 Rc7 17. e4 Rac8 18. Rfe1 e5 19. Qa1 {[%emt 0:07:08] [#]} b5 20. cxb5 $14 Rc2 21. Rbc1 Nb6 22. Qb1 Qc7 23. Rxc2 Qxc2 24. Qxc2 Rxc2 25. h3 (25. Rd1 $11) 25... Kf8 $1 $15 {[%emt 0:01:10][%mdl 1024] Schwarz hat Kompensation.} 26. Re3 Ke7 27. Bf1 Rc1 28. Kg2 g6 29. Bd3 Ne8 30. Nb1 Nf6 {[%emt 0:10:31][%cal Of6e4] ...Nxe4! ist eine echte Drohung.} 31. Nfd2 (31. Nbd2 $1 $11 {ist eher angebracht.}) 31... d5 {[%emt 0:01:03] [#] Und jetzt ...dxe4 wäre schön.} 32. f3 ({Falsch wäre} 32. exd5 $2 Nfxd5 (32... Bxd5+ 33. f3 $11) 33. Rxe5+ Kf6 $19) 32... d4 33. Re2 Ne8 34. Kf2 Nd6 35. Re1 Rxe1 36. Kxe1 Bc8 37. h4 Bd7 38. Ke2 f6 39. f4 Nxb5 40. fxe5 fxe5 41. Nc4 Nxc4 42. Bxc4 Nd6 {[%emt 0:02:17] Gewichteter Fehlerwert: Weiß=0.11 (sehr präzise) /Schwarz=0.07 (makellos) .  Fehler:       	Weiß=2     	Schwarz=1     Ungenau:       	Weiß=3     	Schwarz=1     OK:         	Weiß=16    	Schwarz=15    Bester:       	Weiß=1     	Schwarz=1     Stark:        	---       	Schwarz=1} 1/2-1/2

[Event "Austrian Bundesliga 2023-24"]
[Site "Austria"]
[Date "2024.03.23"]
[Round "10.24"]
[White "Platzgummer, Fabian"]
[Black "Kranz, Armin"]
[Result "1-0"]
[ECO "D02"]
[WhiteElo "2304"]
[BlackElo "2062"]
[Annotator "RC"]
[PlyCount "65"]
[EventDate "2023.10.21"]
[EventType "team-tourn"]
[EventCountry "AUT"]
[SourceTitle "playchess.com"]
[Source "ChessBase"]
[SourceQuality "1"]
[TimeControl "40/5400+30:1800+30"]

1. Nf3 d5 2. d4 Nf6 3. c4 e6 4. g3 Bb4+ 5. Bd2 a5 6. Qc2 O-O 7. Bg2 dxc4 8. Qxc4 Nc6 9. a3 Qd5 10. Qd3 Bxd2+ 11. Qxd2 Rd8 12. Nc3 Qb3 13. e4 e5 14. d5 Bg4 15. Nh4 Nd4 16. O-O Qc4 17. h3 Bh5 18. g4 Bg6 19. Rad1 c6 20. f4 Nb3 21. Qf2 exf4 22. Qxf4 cxd5 23. Nxg6 fxg6 24. Nxd5 Nxd5 25. Qf7+ Kh8 26. Rxd5 Rg8 27. Rfd1 Nc5 28. Qc7 b6 29. Qxb6 Na4 30. Qb7 h6 31. b3 Nc5 32. Qxa8 Qc3 33. Rd8 1-0

[Event "Austrian Bundesliga 2023-24"]
[Site "Austria"]
[Date "2024.03.23"]
[Round "10.25"]
[White "Baldauf, Marco"]
[Black "Kadric, Denis"]
[Result "1/2-1/2"]
[ECO "B07"]
[WhiteElo "2481"]
[BlackElo "2560"]
[Annotator "TA"]
[PlyCount "68"]
[EventDate "2023.10.21"]
[EventType "team-tourn"]
[EventCountry "AUT"]
[SourceTitle "playchess.com"]
[Source "ChessBase"]
[SourceQuality "1"]
[TimeControl "40/5400+30:1800+30"]

1. d4 d6 2. e4 Nf6 3. Nc3 Nbd7 4. Nf3 e5 5. Bc4 Be7 6. a4 O-O 7. O-O c6 8. h3 h6 9. Re1 Re8 10. Be3 exd4 11. Qxd4 Nf8 12. Rad1 {[%emt 0:00:20] aiming for e5. White has an edge.} Be6 13. Bf4 a6 14. b3 Qa5 15. b4 Qxb4 16. Bxe6 Qxd4 17. Bxf7+ Kxf7 18. Nxd4 Ne6 19. Nxe6 Kxe6 20. Ne2 Kf7 21. Nc3 Rad8 22. Rd3 Bf8 23. Kf1 b5 24. axb5 axb5 25. e5 dxe5 26. Rxd8 Rxd8 27. Bxe5 Nd7 28. Rd1 {[%emt 0:03:17] The position is equal.} Ke6 29. Bh2 Be7 30. Ne2 {[%emt 0:04:31] [#] Nd4+ would now be deadly.} Nc5 31. Nd4+ Kf7 {[%emt 0:00:04] Threatens to win with ...Ne6.} 32. Ke2 Re8 {[%emt 0:04:28] Strongly threatening ...Bd6+.} 33. Kf3 Rd8 {[%emt 0:00:23] [#] ...Ne6 is the strong threat.} 34. Ke2 Re8 {[%emt 0:00:04] Weighted Error Value: White=0.10 (very precise) /Black=0.05 (flawless) .  Inaccurate:     	White=3     	Black=1      OK:         	White=13    	Black=10     Best:        	White=1     	Black=3} 1/2-1/2

[Event "Austrian Bundesliga 2023-24"]
[Site "Austria"]
[Date "2024.03.23"]
[Round "10.26"]
[White "Erdos, Viktor"]
[Black "Prusikin, Michael"]
[Result "1/2-1/2"]
[ECO "E04"]
[WhiteElo "2552"]
[BlackElo "2508"]
[Annotator "TA"]
[PlyCount "57"]
[EventDate "2023.10.21"]
[EventType "team-tourn"]
[EventCountry "AUT"]
[SourceTitle "playchess.com"]
[Source "ChessBase"]
[SourceQuality "1"]
[TimeControl "40/5400+30:1800+30"]

1. d4 d5 2. Nf3 Nf6 3. c4 e6 4. g3 dxc4 5. Bg2 c5 6. O-O Nc6 7. dxc5 Qxd1 8. Rxd1 Bxc5 9. Nfd2 Na5 10. Na3 Bxa3 11. bxa3 Bd7 12. Bb2 {[%emt 0:00:12][%mdl 1024] White has compensation.} Rc8 {[%emt 0:04:41] [#] Hoping for ...c3.} 13. Rdc1 b6 14. Bc3 {[%emt 0:09:57] This pair of bishops is nice.} Rc7 15. Rab1 O-O 16. Bxa5 bxa5 17. Nxc4 g5 {[%emt 0:12:57] The position is equal.} 18. Nxa5 Rfc8 19. Nb3 Rc2 20. Bb7 R8c4 21. Ba6 Rxc1+ 22. Rxc1 Ra4 23. Nc5 Rxa3 24. Bc4 Kf8 25. Nxd7+ Nxd7 26. Bb3 Ra5 27. Rc7 Nc5 28. Kg2 Nxb3 29. axb3 {A rather calm draw.   Weighted Error Value: White=0.02 (flawless) /Black=0.02 (flawless) .  OK:         	White=10    	Black=15     Best:        	White=1     	---} 1/2-1/2

[Event "Austrian Bundesliga 2023-24"]
[Site "Austria"]
[Date "2024.03.23"]
[Round "10.27"]
[White "Berchtenbreiter, Maximilian"]
[Black "Ivanisevic, Ivan"]
[Result "1-0"]
[ECO "C79"]
[WhiteElo "2486"]
[BlackElo "2523"]
[Annotator "RC"]
[PlyCount "81"]
[EventDate "2023.10.21"]
[EventType "team-tourn"]
[EventCountry "AUT"]
[SourceTitle "playchess.com"]
[Source "ChessBase"]
[SourceQuality "1"]
[TimeControl "40/5400+30:1800+30"]

1. e4 e5 2. Nf3 Nc6 3. Bb5 a6 4. Ba4 Nf6 5. O-O d6 6. Re1 Bd7 7. c3 g6 8. d4 Bg7 9. Nbd2 O-O 10. Nf1 exd4 11. cxd4 Nb4 12. Bb3 Bg4 13. h3 Bxf3 14. Qxf3 Nd7 15. Be3 a5 16. a3 Nc6 17. Rad1 a4 18. Ba2 Kh8 19. Ng3 Nb6 20. d5 Ne5 21. Qe2 Qh4 22. Bd4 Nbd7 23. Qe3 Rae8 24. Bb1 f5 25. exf5 Nf6 26. Bc3 g5 27. Ne2 g4 28. Qg3 Qxg3 29. fxg3 gxh3 30. Nf4 h2+ 31. Kxh2 Rg8 32. Ne6 Nfg4+ 33. Kg1 Bh6 34. Rd4 Nf6 35. Rh4 Bg5 36. Rxe5 dxe5 37. Bxe5 Bxh4 38. gxh4 Ref8 39. Nxf8 Rxf8 40. g4 Kg8 41. Ba2 1-0

[Event "Austrian Bundesliga 2023-24"]
[Site "Austria"]
[Date "2024.03.23"]
[Round "10.28"]
[White "Perunovic, Milos"]
[Black "Hess, Max"]
[Result "1-0"]
[ECO "C49"]
[WhiteElo "2535"]
[BlackElo "2392"]
[Annotator "TA"]
[PlyCount "83"]
[EventDate "2023.10.21"]
[EventType "team-tourn"]
[EventCountry "AUT"]
[SourceTitle "playchess.com"]
[Source "ChessBase"]
[SourceQuality "1"]
[TimeControl "40/5400+30:1800+30"]

1. e4 e5 2. Nf3 Nc6 3. Bb5 Nf6 4. Nc3 Bb4 5. O-O O-O 6. d3 d6 7. Ne2 Ne7 8. c3 Ba5 9. Ng3 c6 10. Ba4 Ng6 11. Re1 {[%emt 0:04:07] White has an edge.} Bb6 12. h3 h6 13. d4 Re8 14. Bc2 Nh7 15. Nf5 ({White should try} 15. a3 $14) 15... exd4 $11 16. N3xd4 Nh4 (16... Nf6 $11 {might be stronger.}) 17. Nxh4 $14 Qxh4 18. Be3 Ng5 19. Nf3 Nxf3+ 20. Qxf3 Bxe3 21. Qxe3 Bf5 22. Qd2 Bg6 (22... Bxe4 $2 23. g3 Qxh3 24. Rxe4 (24. Bxe4 Qg4 $18) 24... Rxe4 25. Bxe4 $18) 23. f4 Rad8 24. f5 Bh7 25. Rad1 Kf8 26. Re3 Qf4 27. Rd3 $36 {[%emt 0:01:47][%mdl 2048] White is pushing.} Qxd2 (27... Rxe4 $11 28. f6 (28. Rxd6 Re1+ 29. Qxe1 Rxd6 $11) 28... Kg8 (28... gxf6 29. Rxd6 Rxd6 30. Qxd6+ Qxd6 31. Rxd6 $14) 29. Qxf4 Rxf4 30. Rxd6 Rxd6 31. Bxh7+ Kxh7 32. Rxd6 Rxf6) 28. R3xd2 $16 Ke7 {[%emt 0:00:41] [#]} 29. e5 $1 {[%emt 0:00:10] White is more active.} dxe5 $2 {[%emt 0:05:52] [#] This move loses the game for Black.} (29... f6 $16) 30. f6+ $1 $18 Kxf6 31. Rxd8 ({Less strong is} 31. Bxh7 Rxd2 32. Rxd2 g6 $14) 31... Rxd8 32. Rxd8 (32. Bxh7 $2 {is the wrong capture.} Rxd1+ 33. Kf2 Rd2+ 34. Kf1 Rxb2 $19) ({Weaker is} 32. Rf1+ Ke6 33. Bxh7 g6 $17) 32... Bxc2 {[%emt 0:00:04][%mdl 4096] Endgame. KR-KB} 33. Rd7 b5 34. Rd6+ Kf5 35. Rxc6 a5 36. c4 bxc4 37. Rxc4 {[%emt 0:00:06] White is clearly winning.} Bd1 38. Kf2 Ke6 39. Ke1 Bh5 40. Ra4 f5 41. Rxa5 f4 42. Ra7 {[%emt 0:05:22] Weighted Error Value: White=0.05 (flawless) /Black=0.25 (precise) .  Loses game:     	---       	Black=1      Mistake:       	White=1     	Black=2      Inaccurate:     	---       	Black=2      OK:         	White=17    	Black=13     Best:        	White=1     	Black=2      Strong:       	White=1     	---} 1-0

[Event "Austrian Bundesliga 2023-24"]
[Site "Austria"]
[Date "2024.03.23"]
[Round "10.29"]
[White "Kruckenhauser, Arthur"]
[Black "Ftacnik, Lubomir"]
[Result "1/2-1/2"]
[ECO "B90"]
[WhiteElo "2355"]
[BlackElo "2453"]
[Annotator "RC"]
[PlyCount "78"]
[EventDate "2023.10.21"]
[EventType "team-tourn"]
[EventCountry "AUT"]
[SourceTitle "playchess.com"]
[Source "ChessBase"]
[SourceQuality "1"]
[TimeControl "40/5400+30:1800+30"]

1. e4 c5 2. Nf3 d6 3. d4 cxd4 4. Nxd4 Nf6 5. Nc3 a6 6. Rg1 h5 7. h3 Nc6 8. Be3 g6 9. Bc4 Bd7 10. Nxc6 Bxc6 11. Qf3 Qa5 12. O-O-O Bg7 13. g4 hxg4 14. hxg4 Rf8 15. Bd4 Bh6+ 16. Kb1 Bg5 17. Qe2 O-O-O 18. Nd5 Nxd5 19. exd5 Bxd5 20. Bxd5 Qxd5 21. Bb6 Qe6 22. Qxe6+ fxe6 23. Bxd8 Kxd8 24. Rgf1 e5 25. f3 Kd7 26. Rde1 Bh4 27. Re2 b5 28. Kc1 Ke6 29. Kd1 Bg5 30. Ref2 d5 31. Ke2 Rc8 32. Kd3 Rc4 33. c3 e4+ 34. fxe4 dxe4+ 35. Ke2 b4 36. cxb4 Rc2+ 37. Kd1 Rc1+ 38. Ke2 Rc2+ 39. Kd1 Rc1+ 1/2-1/2

[Event "Austrian Bundesliga 2023-24"]
[Site "Austria"]
[Date "2024.03.23"]
[Round "10.30"]
[White "Borhy, Marcell"]
[Black "Ciolek, Andreas"]
[Result "1/2-1/2"]
[ECO "A06"]
[WhiteElo "2370"]
[BlackElo "2302"]
[Annotator "RC"]
[PlyCount "56"]
[EventDate "2023.10.21"]
[EventType "team-tourn"]
[EventCountry "AUT"]
[SourceTitle "playchess.com"]
[Source "ChessBase"]
[SourceQuality "1"]
[TimeControl "40/5400+30:1800+30"]

1. Nf3 d5 2. g3 Nf6 3. Bg2 e6 4. O-O Be7 5. c4 O-O 6. d4 dxc4 7. Qc2 b6 8. Ne5 Qxd4 9. Bxa8 Qxe5 10. Bf3 Nd5 11. Qxc4 Ba6 12. Qa4 c5 13. Na3 Qc7 14. Rd1 Bf6 15. Rb1 Rd8 16. Bxd5 exd5 17. Rxd5 g5 18. Rxg5+ Kh8 19. Bf4 Qc6 20. Qxc6 Nxc6 21. Rf5 Kg7 22. Bg5 Bxg5 23. Rxg5+ Kf6 24. Rg4 Rd2 25. Rf4+ Kg6 26. Rg4+ Kf6 27. Rf4+ Kg6 28. Rg4+ Kf6 1/2-1/2

[Event "Austrian Bundesliga 2023-24"]
[Site "Austria"]
[Date "2024.03.23"]
[Round "10.31"]
[White "Donchenko, Alexander"]
[Black "Pechac, Jergus"]
[Result "1/2-1/2"]
[ECO "E04"]
[WhiteElo "2631"]
[BlackElo "2571"]
[Annotator "TA"]
[PlyCount "61"]
[EventDate "2023.10.21"]
[EventType "team-tourn"]
[EventCountry "AUT"]
[SourceTitle "playchess.com"]
[Source "ChessBase"]
[SourceQuality "1"]
[TimeControl "40/5400+30:1800+30"]

1. d4 Nf6 2. c4 e6 3. Nf3 d5 4. g3 dxc4 5. Bg2 c6 6. O-O b5 7. a4 {[%emt 0:00:54] E04: Open Catalan: 5 Nf3.} Bb7 8. Ne5 a6 9. b3 cxb3 10. Qxb3 $1 {[%emt 0:00:07] 10.Qxb3 is better than 10.Bb2.} Qxd4 11. Bb2 Qb4 12. Qc2 Qc5 13. Qd3 (13. Qxc5 {simplifies} Bxc5 14. Rc1 Nbd7 15. Nd3) 13... Be7 14. Nd2 Qb6 15. Ne4 Nd5 16. h4 c5 17. Ng5 c4 $146 ({Predecessor:} 17... f6 18. a5 Qc7 19. Nxe6 Qd6 20. Nxg7+ Kf8 21. Nf5 Qe6 22. Qe4 fxe5 23. Bxe5 Kf7 24. Bxh8 Qxe4 25. Bxe4 Nd7 26. Rad1 Rxh8 27. Bxd5+ Bxd5 28. Rxd5 Nf6 29. Nxe7 {1-0 Esipenko,A (2680)-Kacharava,N (2531) EU-ch 23rd Vrnjacka Banja 2023 (5)}) 18. Qc2 Nb4 19. Qb1 $1 Bxg2 20. Kxg2 f6 21. Nef3 (21. Qe4 $5 Nd5 22. Nef3 fxg5 23. Bxg7 $11) 21... Nd7 (21... fxg5 22. Bxg7 Rg8 (22... g4 23. Ne5 $16) 23. Qxh7 Rxg7 24. Qxg7 $18) 22. Qe4 Rb8 (22... Rc8 $1 $15 23. Nxe6 Kf7 24. Nxg7 Qc6 25. Qxc6 Nxc6 26. axb5 axb5) 23. Nxe6 $16 (23. Nxh7 $2 f5 24. Qb1 Rxh7 $19) 23... Nc5 (23... Kf7 $14 24. Qf5 (24. Nxg7 Qc6 $11) 24... g6 25. Neg5+ Ke8) 24. Nxg7+ $16 Kf7 25. Ng5+ (25. Qg4 $6 Rhg8 26. Qh5+ (26. axb5 Qxb5 27. Ng5+ Kxg7 $11) 26... Kxg7 $11) 25... fxg5 {[%emt 0:00:47] [#]} (25... Kxg7 26. Qxe7+ Kg6 27. Qf7+ Kf5 28. Qh5 (28. Nxh7 Qb7+ 29. Qxb7 Rxb7 $16) (28. e4+ Nxe4 29. Nxe4 Rb7 $18) 28... Qb7+ 29. e4+) (25... Kf8 $1 $14 26. N7e6+ (26. Nxh7+ Kf7 $11) 26... Nxe6 27. Nxe6+ Kf7 28. Ng5+ fxg5 29. axb5 Qxb5) 26. Qf3+ $1 $16 (26. Qf5+ Kg8 27. axb5 Rf8 $11) 26... Bf6 27. hxg5 Qc6 28. Bxf6 (28. gxf6 Qxf3+ 29. exf3 Nbd3 30. axb5 Nxb2 31. bxa6 Kxf6 32. Nh5+ Kf7 $17) 28... Qxf3+ (28... bxa4 $2 {too greedy.} 29. Qxc6 (29. e4 Qxe4 30. Nf5 Qxf3+ 31. Kxf3 Ke6 $16) 29... Nxc6 30. Nf5 $18) 29. exf3 Nd5 {[%emt 0:00:30] [#]} 30. axb5 ({White has to play} 30. Be5 $1 $16 {And now Rh1 would win.} Ra8 31. Nf5) 30... Nxf6 $11 31. bxa6 (31. gxf6 $11 axb5 32. Rh1) 1/2-1/2

[Event "Austrian Bundesliga 2023-24"]
[Site "Austria"]
[Date "2024.03.23"]
[Round "10.32"]
[White "Zilka, Stepan"]
[Black "Bluebaum, Matthias"]
[Result "1/2-1/2"]
[ECO "C44"]
[WhiteElo "2589"]
[BlackElo "2655"]
[Annotator "TA"]
[PlyCount "61"]
[EventDate "2023.10.21"]
[EventType "team-tourn"]
[EventCountry "AUT"]
[SourceTitle "playchess.com"]
[Source "ChessBase"]
[SourceQuality "1"]
[TimeControl "40/5400+30:1800+30"]

1. e4 e5 2. Nf3 Nc6 3. d4 exd4 4. Nxd4 Nf6 5. Nc3 Bb4 6. Nxc6 bxc6 7. Bd3 d5 8. exd5 O-O 9. O-O cxd5 10. h3 {[%emt 0:01:50] Pariert Bg4.} c6 11. Qf3 Bd6 12. Bf4 Be6 13. Rfe1 Re8 14. Rad1 Qb8 15. Bxd6 Qxd6 16. b3 Re7 17. Ne2 Rae8 18. Qf4 Qxf4 19. Nxf4 Kf8 20. c4 Bd7 21. Rxe7 Kxe7 22. c5 Kd8 23. f3 a5 24. Kf2 Bc8 25. a3 Kc7 26. Re1 Be6 27. b4 h6 28. Bg6 {[%emt 0:25:26] Droht Nxe6+.} Nd7 29. Bf5 axb4 30. axb4 Nf8 31. g4 {[%emt 0:03:49] Eine ausgeglichene Partie nicht ohne Feinheiten.   Gewichteter Fehlerwert: Weiß=0.07 (makellos) /Schwarz=0.05 (makellos) .  Ungenau:       	Weiß=2     	Schwarz=2     OK:         	Weiß=7     	Schwarz=11} 1/2-1/2